 Dungeon Crawl Stone Soup version 0.29.0-11-gd7f09526c8 (webtiles) character file.

Game seed: 15693079617709819443

756 Maluco the Conjurer (level 8, -8/58 HPs)
             Began as a Human Conjurer on Sept 1, 2022.
             Was a Follower of Vehumet.
             Mangled by an orc warrior
             ... wielding a +0 dire flail of protection
              (11 damage)
             ... on level 6 of the Dungeon on Sept 2, 2022.
             The game lasted 00:48:39 (4398 turns).

Maluco the Conjurer (Human Conjurer)                Turns: 4398, Time: 00:48:39

Health: -8/58      AC:  4    Str:  8    XL:     8   Next: 7%
Magic:  5/13       EV: 12    Int: 20    God:    Vehumet [*.....]
Gold:   199        SH:  4    Dex: 17    Spells: 6/14 levels left

rFire   . . .      SeeInvis .   R - +2 hammer (protect)
rCold   . . .      Faith    +   B - +0 buckler
rNeg    . . .      Spirit   .   I - +0 leather armour of Lust {+Blink}
rPois   .          Reflect  .   x - -1 helmet "Edon Hoe" {Will+ Dex+5}
rElec   .          Harm     .   P - +0 cloak
rCorr   .          Rampage  .   (no gloves)
Will    +....                   (no boots)
Stlth   ++........              D - amulet of faith
HPRegen 0.19/turn               i - ring of flight
MPRegen 0.13/turn               (no ring)

@: flying
A: no striking features
a: Renounce Religion, Evoke Blink


You were on level 6 of the Dungeon.
You worshipped Vehumet.
Vehumet was aware of your devotion.
You visited 1 branch of the dungeon, and saw 6 of its levels.

You collected 217 gold pieces.
You spent 18 gold pieces at shops.

Inventory:

Hand Weapons
 a - a +0 flail
 c - a +0 sling
 d - a +1 dagger of pain
 F - a +1 dagger of venom
 N - a +0 great sword
 Q - a +2 quarterstaff of chaos
 R - a +2 hammer of protection (weapon)
 S - the +12 hammer "Coocsorr" {vorpal, *Noise rPois Str+8}
   (You found it on level 5 of the Dungeon)

   It inflicts extra damage upon your enemies.
   Str:       It affects your strength (+8).
   rPois:     It protects you from poison.
   *Noise:    It may make noises in combat.
Missiles
 g - 3 javelins
 n - 9 boomerangs
 G - 3 atropa-tipped darts
 T - 3 poisoned darts
Armour
 j - a +0 ring mail
 t - a +0 scale mail
 w - a +0 chain mail
 x - the -1 helmet "Edon Hoe" (worn) {Will+ Dex+5}
   (You found it on level 4 of the Dungeon)

   Dex:       It affects your dexterity (+5).
   Will:      It increases your willpower.
 B - a +0 buckler (worn)
 C - a +0 helmet
 I - the +0 leather armour of Lust (worn) {+Blink}
   (You found it on level 5 of the Dungeon)

   +Blink:    It lets you blink.
 K - a +3 leather armour
 P - a +0 cloak (worn)
Jewellery
 i - a ring of flight (left hand)
 D - an amulet of faith (around neck)
Wands
 u - a wand of roots (4)
 J - a wand of digging (4)
 M - a wand of light (7)
Scrolls
 e - 2 scrolls of amnesia {unknown}
 f - 3 scrolls of torment {unknown}
 h - 9 scrolls of identify {unknown}
 k - 3 scrolls of poison {unknown}
 q - a scroll of fear {unknown}
 y - a scroll of teleportation {unknown}
 z - a scroll of vulnerability {unknown}
 A - 2 scrolls of noise {unknown}
 H - a scroll of enchant weapon {unknown}
 L - a scroll of enchant armour {unknown}
Potions
 b - 3 potions of magic
 l - a potion of brilliance {unknown}
 m - a potion of ambrosia {unknown}
 o - a potion of degeneration
 p - 2 potions of heal wounds {unknown}
 r - a potion of haste {unknown}
 v - a potion of flight {unknown}
 E - a potion of might
 O - a potion of mutation {unknown}


   Skills:
 + Level 3.1 Fighting
 + Level 0.1 Maces & Flails
 - Level 1.0 Ranged Weapons
 + Level 4.1 Armour
 + Level 2.7 Dodging
 + Level 2.5 Stealth
 * Level 1.0 Shields
 + Level 3.5 Spellcasting
 + Level 5.7 Conjurations


You had 6 spell levels left.
You knew the following spells:

 Your Spells              Type           Power      Damage    Failure   Level
a - Magic Dart            Conj           100%       1d8       2%          1
b - Searing Ray           Conj           52%        2d6       3%          2
c - Conjure Flame         Conj/Fire      15%        6-21      24%         3
d - Foxfire               Conj/Fire      60%        2x1d7     8%          1
e - Freeze                Ice            12%        1d4       26%         1

Your spell library contained the following spells:

 Spells                   Type           Power      Damage    Failure   Level
 Dazzling Flash           Conj/Hex       30%        N/A       24%         3
 Summon Small Mammal      Summ           12%        N/A       26%         1
 Poisonous Vapours        Pois/Air       6%         N/A       36%         2
 Scorch                   Fire           6%         2d5       36%         2
 Call Canine Familiar     Summ           3%         N/A       61%         3
 Inner Flame              Hex/Fire       3%         N/A       61%         3
 Summon Guardian Golem    Hex/Summ       3%         N/A       61%         3
 Tukima's Dance           Hex            3%         N/A       61%         3
 Flame Wave               Conj/Fire      15%        2d7       61%         4
 Fulminant Prism          Conj/Hex       7%         3d7       61%         4
 Iskenderun's Mystic Bla  Conj/Tloc      15%        2d5       61%         4
 Corpse Rot               Necr/Pois/Air  3%         N/A       95%         4
 Passage of Golubria      Tloc           3%         N/A       95%         4
 Yara's Violent Unravell  Hex/Tmut       1%         3d3       100%        5
 Starburst                Conj/Fire      7%         6d4       100%        6
 Summon Cactus Giant      Summ           1%         N/A       100%        6


Dungeon Overview and Level Annotations

Branches:
Dungeon (6/15)             Temple (0/1) D:6

Altars:
Vehumet
Yredelemnul

Shops:
D:4 *([   D:6 *


Message History

You freeze the orc warrior.
The orc warrior is moderately wounded.
The orc warrior misses you.
Your +2 hammer of protection hums with potential!
R - a +2 hammer of protection (weapon)
The orc warrior hits you with a +0 dire flail of protection!
* * * LOW HITPOINT WARNING * * *
You hit the orc warrior but do no damage.
Your weapon exudes an aura of protection.
The orc warrior is moderately wounded.
The orc warrior hits you with a +0 dire flail of protection.
* * * LOW HITPOINT WARNING * * *
Your magical contamination has completely faded away.
You closely miss the orc warrior.
The orc warrior is moderately wounded.
The orc warrior misses you.
You feel better.
The orc warrior hits you with a +0 dire flail of protection!
* * * LOW HITPOINT WARNING * * *
You feel better. The orc warrior barely misses you.
You blink.
Found 13 gold pieces and 6 poisoned darts.
You see here 13 gold pieces.
You now have 199 gold pieces (gained 13).
An orc warrior is nearby!
You hit the orc warrior.
Your weapon exudes an aura of protection.
The orc warrior is heavily wounded.
You block the orc warrior's attack.
The orc warrior hits you with a +0 dire flail of protection!
* * * LOW HITPOINT WARNING * * *
You barely miss the orc warrior.
The orc warrior is heavily wounded.
The orc warrior closely misses you.
You closely miss the orc warrior.
The orc warrior is heavily wounded.
You feel stable enough to blink again. The orc warrior closely misses you.
The orc warrior hits you with a +0 dire flail of protection!
You die...

##...........##(##....#
#...##...÷...#.#......#
#.. #....#§##.##.#...#
...
......##)#...####..# ..
......##:...:...$ #.# .
....<..####...###
....... #.## #####. #o#
#@# ###


You could see an orc warrior.

Vanquished Creatures
  An ice beast (D:5)
  An ogre (D:4)
  A necrophage (D:6)
  A scorpion (D:3)
  3 orc priests
  Crazy Yiuf (D:5)
  3 hounds
  2 iguanas
  2 orc wizards
  5 adders
  A gnoll (D:6)
  A shadow imp (D:6)
  A white imp (D:5)
  An ufetubus (D:5)
  A worm (D:3)
  A dart slug (D:3)
  13 orcs
  5 ball pythons
  10 endoplasms
  3 giant cockroaches (D:1)
  3 goblins
  A hobgoblin (D:1)
  2 kobolds
  4 quokkas
  4 bats
  5 frilled lizards
  8 rats
  A spectral orc (D:5)
85 creatures vanquished.

Vanquished Creatures (others)
  2 foxfires (D:6)
2 creatures vanquished.

Grand Total: 87 creatures vanquished

Notes
Turn   | Place    | Note
-------+----------+-------------------------------------------
     0 | D:1      | Maluco the Human Conjurer began the quest for the Orb.
     0 | D:1      | Reached XP level 1. HP: 13/13 MP: 3/3
   214 | D:1      | Reached XP level 2. HP: 19/19 MP: 3/5
   220 | D:1      | Upgraded the game from 0.29.0-10-g45618ea6d2 to
                  | 0.29.0-11-gd7f09526c8
   474 | D:1      | Reached XP level 3. HP: 24/24 MP: 4/6
   611 | D:2      | Found a faded altar of an unknown god.
  1056 | D:2      | Learned a level 2 spell: Searing Ray
  1168 | D:3      | You are sucked into a shaft and drop 2 floors!
  1168 | D:5      | Entered Level 5 of the Dungeon
  1178 | D:5      | Reached skill level 1 in Ranged Weapons
  1210 | D:5      | Reached XP level 4. HP: 20/30 MP: 0/7
  1292 | D:5      | Found a radiant altar of Vehumet.
  1300 | D:5      | Became a worshipper of Vehumet
  1361 | D:4      | Noticed an ogre
  1424 | D:4      | Found Teothram's Weapon Shoppe.
  1453 | D:4      | Found Ofoggik's Assorted Antiques.
  1515 | D:4      | Reached skill level 5 in Conjurations
  1616 | D:4      | Reached skill level 1 in Fighting
  1684 | D:4      | Found Luekh's Armour Shoppe.
  1691 | D:4      | Reached skill level 1 in Armour
  1691 | D:4      | Reached XP level 5. HP: 27/37 MP: 2/8
  1694 | D:4      | Identified the -1 helmet "Edon Hoe" {Will+ Dex+5}
  1872 | D:4      | Reached XP level 6. HP: 32/43 MP: 5/10
  1959 | D:4      | Killed an ogre
  3323 | D:4      | Reached * piety under Vehumet
  3323 | D:4      | Offered knowledge of Freeze by Vehumet.
  3324 | D:4      | Reached XP level 7. HP: 45/50 MP: 2/11
  3328 | D:4      | Learned a level 3 spell: Conjure Flame
  3330 | D:4      | Learned a level 1 spell: Foxfire
  3332 | D:4      | Learned a level 1 spell: Freeze
  3423 | D:5      | Identified the +0 leather armour of Lust {+Blink}
  3472 | D:6      | Found Jukaj Tadd's Assorted Antiques.
  3560 | D:6      | Found a staircase to the Ecumenical Temple.
  3641 | D:6      | Noticed a water moccasin
  3987 | D:4      | Bought a coppery potion for 18 gold pieces
  4086 | D:5      | Found a runed translucent door.
  4087 | D:5      | Noticed Crazy Yiuf
  4088 | D:5      | Identified the +12 hammer "Coocsorr" {vorpal, *Noise rPois
                  | Str+8}
  4100 | D:5      | Killed Crazy Yiuf
  4219 | D:5      | Found a basalt altar of Yredelemnul.
  4378 | D:6      | Reached skill level 1 in Shields
  4378 | D:6      | Reached XP level 8. HP: 34/58 MP: 9/13
  4396 | D:6      | HP: 2/58 [orc warrior/+0 dire flail of protection (10)]
  4398 | D:6      | Mangled by an orc warrior

Illustrated notes

Levels and vault maps discovered:
D:1:      enne_arrival_octagon_isle, layout_basic, roderic_lattice_a,
          minmay_stone_trees_small, chequers_serial_rivers_micro_d,
          dk_noncrumbling_4
D:2:      layout_loops_corners, nicolae_ecumenical_oubliette
D:3:      layout_basic, minmay_misc_feat_enclosed
D:4:      layout_gridville, serial_shops, nicolae_shop_behind_doors, shop,
          nicolae_shop_bloodbath_and_beyond
D:5:      layout_loops_ring, vehumet_crystals,
          yredelemnul_forgotten_temple_becter, uniq_crazy_yiuf_cottage
D:6:      minmay_recursive_quarters, layout_gridville, temple_pool_b,
          serial_shops, nicolae_shop_statue_plus,
          minmay_fractal_squares_gapless_5

Skill      XL: |  1  2  3  4  5  6  7 |
---------------+----------------------+-----
Ranged Weapons | 1 |  1.0
Conjurations   | 5 |  5.7
Fighting       | 1 2 3 |  3.1
Armour         | 1 2 3 4 |  4.1
Spellcasting   | 3 |  3.5
Shields        | 1 |  1.0
Maces & Flails | |  0.1
Dodging        | |  2.7
Stealth        | |  2.5

Action                   |  1- 3 |  4- 6 |  7- 9 || total
-------------------------+-------+-------+-------++-------
Melee: Mace              |     3 |     6 |    13 ||    22
       Flail             |       |     2 |       ||     2
       Dagger            |       |       |    16 ||    16
 Fire: Sling             |    28 |    43 |    10 ||    81
 Cast: Magic Dart        |    43 |       |       ||    43
       Searing Ray       |     3 |    18 |    11 ||    32
       Foxfire           |       |       |     1 ||     1
       Freeze            |       |       |     3 ||     3
 Abil: Evoke Blink       |       |       |     1 ||     1
  Use: Potion            |       |     2 |     2 ||     4
 Stab: Sleeping          |       |       |     1 ||     1
Armor: Robe              |     1 |       |       ||     1
       Ring mail         |    10 |     8 |       ||    18
       Leather armour    |       |     8 |    11 ||    19
Dodge: Dodged            |    16 |    35 |    18 ||    69
Block: Buckler           |       |     2 |     7 ||     9
